 Dungeon Sprint DCSS version 0.29.1-1-gd02db6906a (webtiles) character file.

Game seed: 7586437516897872323

4200000 Ofeo the Axe Maniac (level 21, -107/218 HPs)
             Began as a Palentonga Warper on Sept 17, 2022.
             Was the Champion of Makhleb.
             Annihilated by a destroyer
             ... wielding a +9 vorpal great sword
              (174 damage)
             ... in the Dungeon (Sprint VIII: "Arena of Blood").
             The game lasted 00:01:50 (42 turns).

Ofeo the Axe Maniac (Palentonga Warper)               Turns: 42, Time: 00:01:51

Health: -107/218   AC: 15    Str: 17    XL:     21   Next: 53%
Magic:  11/52      EV: 19    Int: 23    God:    Makhleb [******]
Gold:   0          SH:  0    Dex: 11    Spells: 74/74 levels left

rFire   . . .      SeeInvis +   d - +∞ Axe of Woe
rCold   . . .      Faith    .   (shield currently unavailable)
rNeg    . . .      Spirit   .   a - +0 leather armour
rPois   .          Reflect  .   (no helmet)
rElec   .          Harm     .   (no cloak)
rCorr   .          Rampage  .   (no gloves)
Will    +....      NoTele   +   (no barding)
Stlth   +++++++...              (no amulet)
HPRegen 0.46/turn               (no ring)
MPRegen 0.33/turn               (no ring)

@: curled up
A: large, rugged brown scales 3, see invisible, deformed body, roll 1, armoured
tail, reflexive curl
a: Rolling Charge, Renounce Religion, Minor Destruction, Lesser Servant of
Makhleb, Major Destruction, Greater Servant of Makhleb


You were in the Dungeon.
You worshipped Makhleb.
Makhleb was exalted by your worship.
You visited 1 branch

Inventory:

Hand Weapons
 d - the +∞ Axe of Woe (weapon)
   (You found it in the Dungeon)
Missiles
 c - 6 boomerangs of dispersal
Armour
 a - a +0 leather armour (worn)
Scrolls
 b - 2 scrolls of blinking {@r4}
Potions
 e - a potion of berserk rage
 f - a potion of heal wounds {@q2}
 g - 2 potions of magic
 h - a potion of haste {@q3}
 q - a potion of curing {@q1}


   Skills:
 O Level 27 Fighting
 O Level 27 Axes
 - Level 17.8(24.4) Maces & Flails
 - Level 16.5(22.6) Polearms
 - Level 15.9 Throwing
 O Level 27 Armour
 O Level 27 Dodging
 + Level 20.9 Stealth
 - Level 20.3 Unarmed Combat
 O Level 27 Spellcasting
 O Level 27 Translocations
 - Level 19.4 Invocations


You had 74 spell levels left.
You didn't know any spells.
Your spell library contained the following spells:

 Spells                   Type           Power      Damage    Failure   Level
 Blink                    Tloc           100%       N/A       0%          2
 Gell's Gravitas          Tloc           100%       N/A       0%          3
 Lesser Beckoning         Tloc           100%       N/A       0%          3
 Teleport Other           Tloc           100%       N/A       0%          3
 Manifold Assault         Tloc           100%       N/A       0%          5


Dungeon Overview and Level Annotations

Branches:
Dungeon (1/1)

Altars:
Makhleb


Innate Abilities, Weirdness & Mutations

You are completely covered in rugged brown scales. (AC +3, +7% HP)
You have supernaturally acute eyesight. (SInv)
Armour fits poorly on your strangely shaped body.
You can roll at nearby foes to attack.
You have a long armoured tail.
You curl defensively after being hit. (AC +7*)


Message History

You hear a shout! x4
The bag of meat moves out of view.
Roll where?
Press: ? - help, Q - select action, (/) - cycle Dir - move target, f - large bag of meat
Aim: a large bag of meat, wielding a +9 giant spiked club and wearing a +100 ring of slaying (inner flame)
You roll forward with a clatter of scales!
The bag of meat shouts!
You dice the large bag of meat like an onion!!!
Flame seeps out of the large bag of meat.
You chop the large bag of meat into pieces.
Makhleb accepts your kill.
The large bag of meat explodes!
The fiery explosion engulfs you!!!
You are engulfed in blazing flames.
You hear a shout! x8
The meat berserker is engulfed in blazing flames.
The meat berserker hits you with a +9 battleaxe!!!!
You hear a shout! x3
Your Stealth skill gained 3 levels and is now at level 17!
You take 134 damage, and have 84/218 hp.
MASSIVE DAMAGE!!
You slash the meat berserker!
You slaughter the meat berserker joyfully.
You kill the meat berserker!
Makhleb accepts your kill.
You are engulfed in blazing flames.
You hear a shout! x3
A meat berserker comes into view. It is wielding a +9 battleaxe.
The destroyer points at you and mumbles some strange words.
The destroyer blinks!
You hear a shout! x7
Your Stealth skill gained 3 levels and is now at level 20!
You take 18 damage, and have 66/218 hp.
You hear a shout! x2
The destroyer casts a spell at you.
The destroyer blinks!
You hear a shout! x2
The destroyer attacks as you move away!
The destroyer hits you with a +9 vorpal great sword!!!!!
Ouch! That really hurt!
You die...

.
.......)).......#.
............)..#..
...§....).)O)##...
...#........#......
..........).#...###
..##.#....§.Oo....
...o.§§§).)o...§.O
#....#°§°V)####...
.....§.§@....# .
................
.......=.......#
################


You could see a destroyer, 2 meat berserkers and 3 bags of meat.

Vanquished Creatures
  6 vampire knights (D)
  11 ogres (D)
  A two-headed ogre (D)
  A hydra (D)
  24 orcs (D)
  A skeletal warrior (D)
44 creatures vanquished.

Notes
Turn   | Place    | Note
-------+----------+-------------------------------------------
     0 | D        | Found the +∞ Axe of Woe
     0 | D        | Ofeo the Palentonga Warper began the quest for the Orb.
     0 | D        | Reached XP level 1. HP: 17/17 MP: 3/3
     1 | D        | Noticed a bag of meat
     3 | D        | Became a worshipper of Makhleb the Destroyer
     3 | D        | Noticed a bag of meat
     4 | D        | Noticed a bag of meat
     6 | D        | Noticed a bag of meat
     6 | D        | Noticed a meat berserker
     6 | D        | Killed a bag of meat
     6 | D        | Noticed a bag of meat
     6 | D        | Noticed a bag of meat
     7 | D        | Reached skill level 10 in Fighting
     7 | D        | Reached skill level 10 in Unarmed Combat
     7 | D        | Reached skill level 10 in Translocations
     7 | D        | Reached XP level 2. HP: 37/37 MP: 3/12
     7 | D        | Reached XP level 3. HP: 43/43 MP: 3/14
     7 | D        | Reached XP level 4. HP: 50/50 MP: 3/15
     7 | D        | Reached XP level 5. HP: 56/56 MP: 3/17
     7 | D        | Reached XP level 6. HP: 64/64 MP: 3/18
     7 | D        | Gained mutation: You curl defensively after being hit. (AC
                  | +7*) [Palentonga growth]
     7 | D        | Reached XP level 7. HP: 70/70 MP: 3/20
     7 | D        | Reached XP level 8. HP: 77/77 MP: 3/21
     7 | D        | Reached XP level 9. HP: 83/83 MP: 3/22
     7 | D        | Reached XP level 10. HP: 90/90 MP: 3/23
     7 | D        | Noticed a bag of meat
     7 | D        | Killed a bag of meat
     7 | D        | Reached * piety under Makhleb
     7 | D        | Noticed a bag of meat
     7 | D        | Noticed a bag of meat
     7 | D        | Noticed a bag of meat
     8 | D        | Reached skill level 15 in Axes
     8 | D        | Reached XP level 11. HP: 97/97 MP: 3/24
     8 | D        | Noticed a meat berserker
     8 | D        | Killed a meat berserker
     8 | D        | Noticed a bag of meat
     8 | D        | Noticed a bag of meat
     9 | D        | Reached XP level 12. HP: 103/103 MP: 3/25
     9 | D        | Reached XP level 13. HP: 110/110 MP: 3/26
     9 | D        | Killed a bag of meat
     9 | D        | Killed a bag of meat
     9 | D        | Reached ** piety under Makhleb
     9 | D        | Noticed a meat berserker
    10 | D        | Reached skill level 27 in Axes
    10 | D        | Killed a bag of meat
    11 | D        | Reached skill level 15 in Fighting
    11 | D        | Reached XP level 14. HP: 131/131 MP: 3/27
    11 | D        | Killed a bag of meat
    11 | D        | Noticed a meat berserker
    11 | D        | Noticed a bag of meat
    12 | D        | Killed a bag of meat
    12 | D        | Reached *** piety under Makhleb
    13 | D        | Killed a meat berserker
    13 | D        | Killed a meat berserker
    14 | D        | Reached skill level 27 in Fighting
    14 | D        | Reached XP level 15. HP: 170/170 MP: 4/30
    14 | D        | Reached **** piety under Makhleb
    15 | D        | Reached skill level 15 in Spellcasting
    15 | D        | Noticed a meat berserker
    15 | D        | Noticed a meat berserker
    16 | D        | Reached XP level 16. HP: 178/178 MP: 4/37
    17 | D        | Noticed a meat berserker
    18 | D        | Reached ***** piety under Makhleb
    19 | D        | Noticed a destroyer
    19 | D        | Killed a meat berserker
    19 | D        | Killed a meat berserker
    20 | D        | Reached XP level 17. HP: 186/186 MP: 5/45
    20 | D        | Killed a meat berserker
    21 | D        | Reached skill level 27 in Spellcasting
    21 | D        | Reached skill level 27 in Translocations
    21 | D        | Reached skill level 10 in Armour
    21 | D        | Reached skill level 10 in Dodging
    21 | D        | Killed a destroyer
    21 | D        | Reached ****** piety under Makhleb
    21 | D        | Noticed a destroyer
    23 | D        | Reached skill level 15 in Armour
    23 | D        | Reached skill level 15 in Dodging
    23 | D        | Reached XP level 18. HP: 104/194 MP: 6/49
    23 | D        | Killed a meat berserker
    24 | D        | Noticed a destroyer
    24 | D        | Noticed a meat berserker
    25 | D        | Killed a destroyer
    25 | D        | Noticed a destroyer
    26 | D        | Killed a destroyer
    27 | D        | Reached XP level 19. HP: 194/202 MP: 7/50
    27 | D        | Noticed a meat berserker
    27 | D        | Noticed an eight-headed meat hydra
    27 | D        | Noticed a destroyer
    28 | D        | Killed a meat berserker
    28 | D        | Noticed a destroyer
    30 | D        | Killed a meat berserker
    30 | D        | Noticed a meat berserker
    30 | D        | Noticed a meat berserker
    31 | D        | Reached skill level 27 in Armour
    31 | D        | Reached skill level 27 in Dodging
    31 | D        | Killed a nine-headed meat hydra
    32 | D        | Reached skill level 5 in Stealth
    32 | D        | Killed a destroyer
    32 | D        | Noticed a large bag of meat
    33 | D        | Reached skill level 10 in Maces & Flails
    33 | D        | Reached XP level 20. HP: 210/210 MP: 8/51
    33 | D        | Killed a destroyer
    34 | D        | Reached skill level 10 in Stealth
    36 | D        | Noticed a destroyer
    36 | D        | Killed a destroyer
    37 | D        | Reached skill level 15 in Polearms
    37 | D        | Killed a meat berserker
    38 | D        | Reached skill level 15 in Throwing
    38 | D        | Reached XP level 21. HP: 218/218 MP: 10/52
    39 | D        | Killed a large bag of meat
    42 | D        | Annihilated by a destroyer

Illustrated notes

Levels and vault maps discovered:
D:        meatsprint

Skill      XL: |  1  2  3  4  5  6  7  8  9 10 11 12 13 14 15 16 17 18 19 20 21 |
---------------+----------------------------------------------------------------+-----
Fighting       | 10 15 27 | 27.0
Throwing       | 7 11 15 | 15.9
Armour         | 8 15 23 27 | 27.0
Dodging        | 8 15 23 27 | 27.0
Unarmed Combat | 10 14 20 | 20.3
Spellcasting   | 9 11 17 24 27 | 27.0
Translocations | 10 12 19 26 27 | 27.0
Axes           | 15 22 27 | 27.0
Maces & Flails | 10 17 | 17.8
Polearms       | 9 16 | 16.5
Stealth        | 7 14 20 | 20.9
Invocations    | 11 19 | 19.4

Action                   |  1- 3 |  4- 6 |  7- 9 | 10-12 | 13-15 | 16-18 | 19-21 || total
-------------------------+-------+-------+-------+-------+-------+-------+-------++-------
Melee: Executioner's axe |     1 |       |       |     2 |     7 |    10 |    12 ||    32
Throw: Boomerang         |     1 |       |       |       |       |       |       ||     1
 Abil: Rolling Charge    |     1 |       |       |       |     2 |     2 |     4 ||     9
